[Event "Live Chess"]
[Site "Chess.com"]
[Date "2024.06.01"]
[Round "-"]
[White "FMOlexandrProhorov"]
[Black "Eva3337"]
[Result "1-0"]
[WhiteElo "2356"]
[BlackElo "1169"]
[TimeControl "300"]
[EndTime "13:26:01 PDT"]
[Termination "FMOlexandrProhorov won by resignation"]

1. e4 Nc6 2. d4 d6 3. Nc3 e6 4. f4 Nge7 5. Nf3 g6 6. Bd3 Bg7 7. Be3 O-O 8. O-O f5 9. Qd2 fxe4 10. Nxe4 d5 11. Neg5 Nf5 12. Rae1 Nxe3 13. Qxe3 Nb4 14. c3 Nxd3 15. Qxd3 h6 16. Nh3 Kh8 17.
Qxg6 Rf6 18. Qh5 Bd7 19. Ne5 Be8 20. Qe2 Rf5 21. g4 Rf6 22. g5 hxg5 23. Nxg5 Bg6 24. Nxg6+ Rxg6 25. Qh5+ Rh6 26. Nf7+ 1-0

[Event "Live Chess"]
[Site "Chess.com"]
[Date "2024.06.01"]
[Round "-"]
[White "Isambard_Thomas"]
[Black "StoreySniper"]
[Result "1/2-1/2"]
[WhiteElo "2173"]
[BlackElo "2531"]
[TimeControl "300"]
[EndTime "13:26:13 PDT"]
[Termination "Game drawn by agreement"]

1. d4 g6 2. Nf3 Bg7 3. Bg5 c5 4. c3 Qb6 5. b3 cxd4 6. cxd4 Nc6 7. e3 d6 8. Bd3 Bg4 9. h4 Nb4 10. a3 Nxd3+ 11. Qxd3 Nf6 12. Nbd2 O-O 13. O-O Rfe8 14. Rac1 Rad8 15. b4 e5 16. Ne4 Bxf3 17. Nxf6+ Bxf6 18. Bxf6 Bc6 19. Bxd8 Qxd8 20. b5 Bxg2 21. Kxg2 Qxh4 22. f3 e4 23. fxe4 Rxe4 24. Rc8+ Kg7 25. Rc7 Rg4+ 26. Kf3 Rg3+ 27. Ke2 Rg2+ 28. Kd1 Ra2 29. Rfxf7+ Kg8 30. Qb3 Ra1+ 31. Kc2 Qe4+ 32. Kd2 d5 33. Rg7+ Kh8 34. Rxh7+ Kg8 35. Rcg7+ Kf8 36. Rf7+ Kg8 1/2-1/2

[Event "Live Chess"]
[Site "Chess.com"]
[Date "2024.06.01"]
[Round "-"]
[White "NottheBishopSacrifice"]
[Black "peteopeteo"]
[Result "1-0"]
[WhiteElo "2260"]
[BlackElo "1584"]
[TimeControl "300"]
[EndTime "13:26:27 PDT"]
[Termination "NottheBishopSacrifice won by checkmate"]

1. d4 d5 2. Nf3 Nf6 3. c4 c6 4. e3 Bg4 5. Be2 e6 6. O-O Bd6 7. b3 Nbd7 8. Bb2 h6 9. h3 Bf5 10.
Nbd2 Ne4 11. Nxe4 Bxe4 12. Nd2 Bf5 13. Bf3 Qc7 14. e4 dxe4 15. Nxe4 Bxe4 16. Bxe4 Nf6 17. Bf3 O-O 18. Qc2 Rad8 19. Rad1 Be7 20. Rfe1 Nd7 21. Qb1 Bf6 22. d5 cxd5 23. cxd5 Bxb2 24. Qxb2 exd5 25. Bxd5 Nf6 26. Bf3 Rfe8 27. Rxe8+ Rxe8 28. Qd4 Qa5 29. a4 Qf5 30. Qxa7 Ne4 31. Bxe4 Qxe4 32. Qd4 Qe2 33. Qd2 Qe6 34. Qd3 Qe5 35. b4 Qb2 36. b5 Re2 37. Qd8+ Kh7 38. Qd3+ g6 39. Qf3 Kg7 40. Rd7 Qa2 41. Qc3+ Kf8 42.
Rd8+ Ke7 43. Qc7+ Kf6 44. Qf4+ Kg7 45. Qd4+ f6 46. Qd7+ Qf7 47. Qxf7+ Kxf7 48. Rd7+ Ke6 49. Rxb7 Ra2 50. Ra7 Kd6 51. Ra6+ Ke5 52. b6 Kd6 53. a5 Kc6 54. b7+ Kxb7 55. Rxf6 Rxa5 56. Rxg6 Ra1+ 57. Kh2 Ra6 58. Rxa6 Kxa6 59. h4 Kb7 60. g4 Kc7 61. g5 hxg5 62. hxg5 Kd7 63. f4 Ke7 64. Kg3 Kf7 65. Kg4 Kg6 66. f5+ Kf7 67. Kf4 Kg7 68. Ke5 Kf7 69. g6+ Ke7 70.
f6+ Kf8 71. Ke6 Kg8 72. g7 Kh7 73. Kf7 Kh6 74. g8=Q Kh5 75. Ke6 Kh4 76. f7 Kh3 77. f8=Q Kh2 78. Qh6# 1-0

[Event "Live Chess"]
[Site "Chess.com"]
[Date "2024.06.01"]
[Round "-"]
[White "GwaryTek"]
[Black "GerardATHart"]
[Result "1-0"]
[WhiteElo "1923"]
[BlackElo "1403"]
[TimeControl "300"]
[EndTime "13:26:30 PDT"]
[Termination "GwaryTek won - game abandoned"]

1. d4 f5 2. Nf3 Nf6 3. h3 d6 4. Nc3 g6 5. Qd3 Bg7 6. Bg5 h6 7. Bxf6 Bxf6 8. g4 fxg4 9. Qxg6+ Kf8 10.
hxg4 Be6 11. Rxh6 Rxh6 12. Qxh6+ Bg7 13. Qf4+ Bf7 14. Ng5 Qe8 15. e4 Nd7 16. Bc4 e5 17. Qxf7+ Qxf7 18. Nxf7 exd4 19. Nb5 c6 20. Nbxd6 b5 21.
Bb3 a5 22. a4 1-0

[Event "Live Chess"]
[Site "Chess.com"]
[Date "2024.06.01"]
[Round "-"]
[White "uselessduffer"]
[Black "gobbles19"]
[Result "0-1"]
[WhiteElo "2371"]
[BlackElo "2241"]
[TimeControl "300"]
[EndTime "13:26:39 PDT"]
[Termination "gobbles19 won by resignation"]

1. e4 d6 2. d4 Nf6 3. Nc3 g6 4. Be3 Bg7 5. Nf3 c6 6. Qd2 b5 7.
Bd3 Nbd7 8. Bh6 Bxh6 9. Qxh6 Qc7 10. O-O e5 11. dxe5 dxe5 12. Rad1 Bb7 13. Bxb5 cxb5 14.
Nxb5 Qb6 15. Nd6+ Ke7 16. Qg7 Raf8 17. Nh4 Rhg8 18. Nhf5+ gxf5 19. Nxf5+ Ke6 20. Qh6 Bxe4 0-1

[Event "Live Chess"]
[Site "Chess.com"]
[Date "2024.06.01"]
[Round "-"]
[White "upoe610"]
[Black "degringolade64"]
[Result "1-0"]
[WhiteElo "2235"]
[BlackElo "2150"]
[TimeControl "300"]
[EndTime "13:26:43 PDT"]
[Termination "upoe610 won by resignation"]

1. c4 e5 2. g3 c6 3. Nf3 e4 4. Nd4 d5 5. cxd5 Qxd5 6. Nc2 Nf6 7. Nc3 Qh5 8. Ne3 Bh3 9. Qb3 Nbd7 10. Qxb7 Rb8 11. Qxc6 Bxf1 12. Rxf1 Bc5 13. Ned5 O-O 14.
Nxf6+ Nxf6 15. b3 e3 16. fxe3 Qxh2 17. Bb2 Qxg3+ 18. Kd1 Rfd8 19. Kc2 Rbc8 20. Qf3 Qd6 21. d3 Ba3 22. Rac1 Nd5 23. Qxf7+ Kh8 24. Kb1 Bxb2 25. Kxb2 Nxc3 26. Rxc3 Rxc3 27. Kxc3 Qa3 28. e4 Qa5+ 29.
Kb2 Qd2+ 30. Kb1 h6 31. Qe7 Rc8 32. Rf8+ Rxf8 33. Qxf8+ Kh7 34. Qf5+ Kg8 35. Qc8+ Kh7 36. Qc2 Qxc2+ 37. Kxc2 h5 38. Kd2 h4 39. Ke3 h3 40. Kf3 g5 41. Kg3 g4 42. e5 Kg6 43.
d4 Kf5 44. e4+ Ke6 45. b4 a6 46. a4 Ke7 47. b5 1-0

[Event "Live Chess"]
[Site "Chess.com"]
[Date "2024.06.01"]
[Round "-"]
[White "WeakOldFinished"]
[Black "cymbalshift"]
[Result "1-0"]
[WhiteElo "2173"]
[BlackElo "1652"]
[TimeControl "300"]
[EndTime "13:26:52 PDT"]
[Termination "WeakOldFinished won by resignation"]

1. e4 e5 2. f4 d5 3. exd5 exf4 4.
Nf3 Nf6 5. Bc4 Nxd5 6. O-O Be7 7.
Bxd5 Qxd5 8. Nc3 Qf5 9. d4 O-O 10. Ne5 g5 11. Qh5 Be6 12. Bd2 Qxc2 13. Rad1 c5 14.
d5 Qf5 15. dxe6 Qxe5 16. exf7+ Rxf7 17. Rfe1 Qf6 18. Nd5 Qd4+ 19. Be3 Qxd1 20. Qxd1 fxe3 21. Nc7 Nc6 22. Nxa8 Nd4 23. Rxe3 Bd6 24. Qg4 Bf4 25. Re8+ Kg7 26. h4 h6 27. hxg5 hxg5 28. Qh5 b5 29.
Qh8+ Kg6 30. Rg8+ Kf5 31. Rf8 Rxf8 32. Qxf8+ Kg4 33. Qxc5 Be3+ 34. Kf1 Nf5 35. Qxb5 Ng3+ 36. Ke1 a6 37. Qxa6 1-0

[Event "Live Chess"]
[Site "Chess.com"]
[Date "2024.06.01"]
[Round "-"]
[White "chessfiction"]
[Black "matt1979"]
[Result "1-0"]
[WhiteElo "2380"]
[BlackElo "1382"]
[TimeControl "300"]
[EndTime "13:27:07 PDT"]
[Termination "chessfiction won by checkmate"]

1. e4 d6 2. d4 Nf6 3. Nc3 Nbd7 4. f4 e5 5. Nf3 exd4 6. Nxd4 c6 7. Bc4 Qc7 8. O-O d5 9. exd5 Bc5 10. Re1+ Kf8 11.
Be3 Nb6 12. Ne6+ fxe6 13. Bxc5+ Kg8 14. dxe6 Nxc4 15. b3 Nb6 16. Bd6 Qd8 17. e7 Qe8 18.
Qd4 Nbd7 19. Rad1 b6 20. Qc4+ Nd5 21. Nxd5 h6 22. Nf6# 1-0

[Event "Live Chess"]
[Site "Chess.com"]
[Date "2024.06.01"]
[Round "-"]
[White "Kyrylo7770"]
[Black "MaksymYurii"]
[Result "1-0"]
[WhiteElo "1642"]
[BlackElo "947"]
[TimeControl "300"]
[EndTime "13:27:10 PDT"]
[Termination "Kyrylo7770 won by checkmate"]

1. d4 e6 2. Nf3 Nc6 3. Bg5 d5 4. Bxd8 Nxd8 5. e3 Nf6 6. Nc3 Bd7 7. Ne5 Bb4 8. a3 Bxc3+ 9. bxc3 Ne4 10. Bd3 Nxc3 11.
Qd2 Ne4 12. Bxe4 dxe4 13. O-O f6 14. Nxd7 Kxd7 15. Rab1 b6 16. c4 a5 17. Qc2 Nc6 18.
Qxe4 Rac8 19. d5 exd5 20. Qxd5+ Ke7 21. Qxc6 Rhd8 22. Rbd1 Rd6 23. Qe4+ Kf7 24. Rxd6 cxd6 25. h4 Re8 26. Qb7+ Re7 27. Qxb6 Re6 28. Qc7+ Re7 29. Qxd6 Re6 30. Qd7+ Re7 31. Qd5+ Re6 32. Qxa5 Re7 33.
Qh5+ g6 34. Qxh7+ Ke6 35. Qxg6 Rd7 36. f4 Rf7 37. Qe4+ Kd7 38. Rd1+ Kc7 39. Rd5 Kc6 40. Qe6+ Kc7 41. Qxf7+ Kc6 42. Qd7+ Kb6 43. Qb5+ Kc7 44. Rd7+ Kc8 45. Qb7# 1-0

[Event "Live Chess"]
[Site "Chess.com"]
[Date "2024.06.01"]
[Round "-"]
[White "Queensandpawns"]
[Black "GoldsmanB"]
[Result "1-0"]
[WhiteElo "2368"]
[BlackElo "1083"]
[TimeControl "300"]
[EndTime "13:27:10 PDT"]
[Termination "Queensandpawns won by resignation"]

1. e4 e6 2. c4 d5 3. cxd5 exd5 4.
exd5 Qxd5 5. Nc3 Qd8 6. Nf3 Nf6 7. Bc4 Nc6 8. O-O Bc5 9. Ng5 Rf8 10. Re1+ Be7 11. Qb3 Nd4 12. Bxf7+ Rxf7 13. Qxf7+ Kd7 14. Nd5 Nc2 15. Rxe7+ Qxe7 16. Qxe7+ Kc6 17. Nb4+ Nxb4 18. Qxb4 1-0

[Event "Live Chess"]
[Site "Chess.com"]
[Date "2024.06.01"]
[Round "-"]
[White "Enhard"]
[Black "WilliamofOrange16th"]
[Result "0-1"]
[WhiteElo "1434"]
[BlackElo "1984"]
[TimeControl "300"]
[EndTime "13:27:31 PDT"]
[Termination "WilliamofOrange16th won on time"]

1. d4 d5 2. Bf4 c6 3. e3 Qb6 4.
b3 Bf5 5. Bd3 Bxd3 6. Qxd3 Nf6 7. Nd2 e6 8. Ngf3 Be7 9. O-O O-O 10. c4 Nbd7 11. c5 Qd8 12. Ne5 Nh5 13. Bg3 f6 14. Nxd7 Qxd7 15. Qe2 Nxg3 16. hxg3 g6 17. Nf3 b6 18. Nh4 f5 19. Rac1 bxc5 20. dxc5 Bf6 21.
Nf3 a5 22. Nd4 Rfb8 23. Qc2 e5 24. Nf3 Kg7 25. a3 Qb7 26. Rb1 Qd7 27. b4 axb4 28. axb4 Rb5 29. Qb3 Rab8 30. Qa4 Qb7 31. Rfc1 Rxb4 32.
Rxb4 Qxb4 33. Qxc6 Qb7 34. Qd6 Rd8 35. Qe6 Qc7 36.
Qb6 Rc8 37. Qb3 Qc6 38. Ne1 d4 39. exd4 exd4 40. Nd3 Be7 41. Ne5 Qf6 42. Nd3 Qf7 43.
Qb7 Re8 44. Qd7 Bf6 45. Qb5 Rc8 46. c6 Qe6 47. c7 g5 48. Qb8 Be7 49. Rc6 Qd7 50.
Ne5 Qe8 51. Qb2 Bf6 52. Qxd4 Bxe5 53. Qc4 Qd7 54. Rc5 Rxc7 55. Rxc7 Qxc7 0-1

[Event "Live Chess"]
[Site "Chess.com"]
[Date "2024.06.01"]
[Round "-"]
[White "Ferrarifan27"]
[Black "Dhaydon19"]
[Result "0-1"]
[WhiteElo "2069"]
[BlackElo "2668"]
[TimeControl "300"]
[EndTime "13:27:50 PDT"]
[Termination "Dhaydon19 won by resignation"]

1. e4 c6 2. d4 d5 3. e5 c5 4. dxc5 Nc6 5. a3 Nxe5 6. b4 e6 7. Bb2 Nc6 8. Nf3 Nf6 9. c4 Be7 10. cxd5 exd5 11. Bd3 O-O 12. O-O Bg4 13. h3 Bh5 14.
Nbd2 Re8 15. Qc2 Bg6 16. Bxg6 hxg6 17. Rfe1 Rc8 18. Ng5 Qc7 19. Ndf3 Bf8 20. Qd2 Rcd8 21. Nd4 Ne4 22. Nxe4 dxe4 23. Qe3 f5 24. Nxc6 Qxc6 25. Rad1 Be7 26. Qb3+ Kf8 27. Qg3 Kf7 28. Qb3+ Qe6 29. Qa4 a6 30. Rxd8 Rxd8 31. Rd1 Rd3 32. Qc2 Qd5 33. Rxd3 exd3 34. Qd2 Bg5 35. Qd1 d2 36. g3 Qd3 37. Kg2 Qe4+ 38. Kf1 Qh1+ 39. Ke2 Qe4+ 40. Kf1 Qd3+ 41. Kg2 Bf6 42. Bxf6 gxf6 43. f3 Ke6 44. Kf2 Kd5 45. h4 Kd4 46. g4 f4 47. Qa1+ Qc3 48.
Qb1 Qe3+ 49. Kg2 Qe2+ 50. Kh3 d1=Q 51. Qxd1+ Qxd1 0-1

[Event "Live Chess"]
[Site "Chess.com"]
[Date "2024.06.01"]
[Round "-"]
[White "koekoekoe"]
[Black "DarranAS"]
[Result "1-0"]
[WhiteElo "2049"]
[BlackElo "1425"]
[TimeControl "300"]
[EndTime "13:27:52 PDT"]
[Termination "koekoekoe won on time"]

1. d4 d5 2. Bf4 Nf6 3. e3 g6 4. Nf3 Nbd7 5. c4 c6 6. Nc3 Bg7 7. Be2 O-O 8. h3 dxc4 9. Bxc4 b5 10. Be2 Bb7 11. O-O a6 12. Rc1 c5 13. dxc5 Nxc5 14.
Nxb5 axb5 15. Rxc5 Rxa2 16. Rxb5 Be4 17. Qb3 Qa8 18.
Nh4 Nd5 19. Bg3 Rxb2 20. Qc4 Rxb5 21. Qxb5 Nc3 22. Qc4 Rc8 23. Qa6 Nxe2+ 24. Qxe2 Rc2 25. Qg4 f5 26. Qf4 Kf7 27. Nf3 Kf6 28. Qe5+ Kf7 29. Ng5+ Kf8 30. Ne6+ Ke8 31. Qxg7 Bxg2 32. Qg8+ Kd7 33.
Qxa8 Bxa8 34. Nf8+ Kc6 35. Nxh7 Kc5 36. Ng5 1-0

[Event "Live Chess"]
[Site "Chess.com"]
[Date "2024.06.01"]
[Round "-"]
[White "Bradfield133"]
[Black "DoctorMantisTobogganMD"]
[Result "0-1"]
[WhiteElo "1908"]
[BlackElo "2169"]
[TimeControl "300"]
[EndTime "13:27:53 PDT"]
[Termination "DoctorMantisTobogganMD won on time"]

1. c4 Nf6 2. g3 Nc6 3. Bg2 e5 4. Nc3 Bc5 5. e3 O-O 6. Nge2 d6 7. O-O a6 8. h3 Bf5 9. d3 h6 10. a3 Ba7 11. f4 exf4 12. Nxf4 Re8 13. Nfd5 Nxd5 14.
Nxd5 Bg6 15. d4 Rb8 16. b4 Ne7 17. Nf4 Bh7 18. Bd5 Nxd5 19. Nxd5 c6 20. Nf4 Qg5 21. Qf3 Be4 22. Qf2 Re7 23. Bd2 Rbe8 24. Rae1 d5 25. cxd5 cxd5 26. Rc1 Bb8 27. Rc3 Bd6 28. Rfc1 Kh7 29.
Kh2 Qf6 30. Nd3 Qg6 31. Nf4 Qf5 32. Rf1 g5 33. Ng2 Qg6 34. Qf6 Qxf6 35. Rxf6 Re6 36. Rxe6 Rxe6 37. Rc8 Kg7 38. Rd8 h5 39. Rd7 h4 40.
Be1 b5 41. Rxd6 Rxd6 42. gxh4 Bxg2 43. Kxg2 Kg6 44. hxg5 Kxg5 0-1

[Event "Live Chess"]
[Site "Chess.com"]
[Date "2024.06.01"]
[Round "-"]
[White "Pandreq"]
[Black "missedJariChance"]
[Result "0-1"]
[WhiteElo "1136"]
[BlackElo "1345"]
[TimeControl "300"]
[EndTime "13:27:58 PDT"]
[Termination "missedJariChance won by checkmate"]

1. d4 d5 2. c4 e6 3. Nc3 Nf6 4. cxd5 exd5 5. Bg5 Be7 6. e3 O-O 7. Nf3 c5 8. Bd3 cxd4 9. Nxd4 Qb6 10. Qc2 g6 11. Bxf6 Bxf6 12. Nxd5 Qd6 13. Nxf6+ Qxf6 14. O-O Nc6 15. Nxc6 bxc6 16. Rac1 Bd7 17. Be4 Rac8 18. Qc3 Qxc3 19. Rxc3 c5 20. Rfc1 Rfd8 21. Rxc5 Rxc5 22. Rxc5 Bf5 23. Rd5 Rc8 24. Kf1 Bxe4 25. Rd4 Bf5 26. e4 Be6 27. b3 Rc2 28. Ra4 Kg7 29. Rxa7 h5 30. f3 Rb2 31. h3 Kf6 32. g4 Kg5 33. a4 Kf4 34. a5 Kxf3 35. Ke1 Ke3 36.
a6 Rb1# 0-1

[Event "Live Chess"]
[Site "Chess.com"]
[Date "2024.06.01"]
[Round "-"]
[White "Zhevzh1k7"]
[Black "jimwad"]
[Result "0-1"]
[WhiteElo "1099"]
[BlackElo "1279"]
[TimeControl "300"]
[EndTime "13:28:09 PDT"]
[Termination "jimwad won by resignation"]

1. e4 e5 2. Nf3 Nc6 3. Bc4 Bc5 4.
O-O Nf6 5. d4 Nxd4 6. Nxe5 O-O 7. Nxf7 Rxf7 8. Bxf7+ Kxf7 9. c3 Nc6 10. Bg5 Be7 11.
Qb3+ Kf8 12. Nd2 d6 13. f4 h6 14. Bxf6 Bxf6 15. e5 dxe5 16. fxe5 Nxe5 17. Qb4+ Kg8 18.
Qb3+ Kh8 19. Ne4 Bg5 20. Rad1 Be3+ 21. Kh1 Qg8 22. Qxg8+ Kxg8 23. Rd8+ Kh7 24. Re8 Nc4 25. b3 Nd2 26. Nxd2 Bxd2 27. c4 b6 28. Rff8 Bb4 29.
Rxc8 Bxf8 30. Rxa8 Bd6 31. Rxa7 Kg6 32. g4 Kg5 33. h3 h5 34. gxh5 Kxh5 35. a4 g5 36. Kg2 Kh4 37. Ra8 g4 38. hxg4 Kxg4 39. Rg8+ Kf4 40.
Kf2 Ke4 41. Rg4+ Kd3 42. Rg3+ Kd4 43. Rg4+ Kc5 44. Ke3 Kb4 45. Rd4 Bc5 46. Kd3 Bxd4 47. Kxd4 Kxb3 48. c5 Kxa4 49. cxb6 cxb6 50. Kc4 b5+ 51.
Kc3 Ka3 52. Kc2 Ka2 53. Kc3 Ka3 54. Kc2 b4 55. Kb1 Kb3 56. Ka1 Kc2 57. Ka2 b3+ 58.
Ka3 b2 59. Kb4 b1=Q+ 60. Kc5 0-1

[Event "Live Chess"]
[Site "Chess.com"]
[Date "2024.06.01"]
[Round "-"]
[White "oscalik"]
[Black "ProfPoisson"]
[Result "1-0"]
[WhiteElo "2340"]
[BlackElo "1293"]
[TimeControl "300"]
[EndTime "13:28:11 PDT"]
[Termination "oscalik won by resignation"]

1. e4 e5 2. Nf3 Nf6 3. Nc3 Nc6 4. d4 exd4 5. Nxd4 Nxe4 6. Nxe4 Qe7 7. f3 Qd8 8. Nxc6 Qe7 9. Nxe7 Bxe7 10. Bg5 Bxg5 11. Nxg5 O-O 12. Bd3 1-0

[Event "Live Chess"]
[Site "Chess.com"]
[Date "2024.06.01"]
[Round "-"]
[White "booktrunk"]
[Black "Stanbad1"]
[Result "0-1"]
[WhiteElo "1397"]
[BlackElo "2652"]
[TimeControl "300"]
[EndTime "13:28:13 PDT"]
[Termination "Stanbad1 won by resignation"]

1. d4 Nf6 2. Nc3 d5 3. Bf4 a6 4.
a3 e6 5. e3 c5 6. dxc5 Bxc5 7.
Nf3 Nbd7 8. h3 b5 9. Be2 Bb7 10. O-O O-O 11. b4 Bb6 12. Re1 Rc8 13. Na2 Ne4 14. Nd2 Ndf6 15. Nxe4 Nxe4 16. Bd3 f5 17. Bxe4 dxe4 18. Qxd8 Rfxd8 19. Rad1 Bd5 20. Nc1 Rxc2 21.
Re2 Rdc8 22. Rxc2 Rxc2 23. g4 g6 24. gxf5 gxf5 25. Kg2 Kf7 26. Kg3 Bd8 27. h4 Bf6 28. Bd6 Bb2 29. Nd3 exd3 30. Rxd3 Bc4 31. Rd1 Bxa3 32.
Bc5 a5 33. Rd7+ Ke8 34. Rxh7 Bxb4 35. Rh8+ Kf7 36. Bd4 Bc3 37. Rh7+ Kg8 38. Rg7+ Kf8 39. Rd7 Bxd4 40. Rxd4 a4 41. h5 a3 42. h6 Rc1 43. Kg2 a2 44. h7 Kg7 45. Rd7+ Kh8 0-1

[Event "Live Chess"]
[Site "Chess.com"]
[Date "2024.06.01"]
[Round "-"]
[White "dl_chess"]
[Black "RichardABates"]
[Result "0-1"]
[WhiteElo "1182"]
[BlackElo "2238"]
[TimeControl "300"]
[EndTime "13:28:15 PDT"]
[Termination "RichardABates won on time"]

1. e4 c5 2. Nf3 d6 3. d4 cxd4 4.
Nxd4 Nf6 5. Nc3 a6 6. Be3 e5 7.
Nb3 Be6 8. Nd5 Nbd7 9. Bd3 Nxd5 10. exd5 Bxd5 11. f3 Nf6 12. O-O Be7 13. c4 Bc6 14. Qd2 O-O 15. Na5 d5 16. Nxc6 bxc6 17. cxd5 cxd5 18.
Rac1 Qd7 19. Qe2 a5 20. Bb5 Qf5 21. a4 Rac8 22. Rxc8 Rxc8 23. Rc1 Rxc1+ 24. Bxc1 Bc5+ 25. Kh1 Qb1 26. Qd2 Bb4 27. Qe3 d4 28. Qg1 Qc2 29. Bg5 Nd5 0-1

[Event "Live Chess"]
[Site "Chess.com"]
[Date "2024.06.01"]
[Round "-"]
[White "stevochess11"]
[Black "Delacorta"]
[Result "1/2-1/2"]
[WhiteElo "1710"]
[BlackElo "1566"]
[TimeControl "300"]
[EndTime "13:28:20 PDT"]
[Termination "Game drawn by repetition"]

1. d4 e6 2. Nf3 f5 3. Bg5 Nf6 4. e3 Be7 5. Nbd2 O-O 6. Bd3 d5 7. c3 Ne4 8. Bxe7 Qxe7 9. Ne5 Nd7 10. O-O Nxe5 11. dxe5 Bd7 12. f4 Be8 13. Nf3 Bh5 14. Be2 Qf7 15. Nd4 Bxe2 16. Qxe2 a6 17. Rf3 c5 18. Nc2 b5 19. Ne1 Qb7 20. Rh3 g6 21. Nf3 a5 22. Qe1 Rf7 23. Qh4 Qe7 24. Qe1 Rc8 25. Rd1 c4 26. Nd4 Qd7 27. Rf3 Nc5 28. h3 Nd3 29. Qe2 b4 30. g4 bxc3 31. bxc3 Rb8 32.
g5 Rb2 33. Rd2 Rb1+ 34. Kg2 Rf8 35. Rf1 Rfb8 36. Rxb1 Rxb1 37. Rd1 Rb2 38. Rd2 Rxd2 39. Qxd2 Kf7 40. Kf1 Qa4 41. Ke2 Qa3 42. Nb5 Qc1 43.
Qxc1 Nxc1+ 44. Kd2 Nxa2 45. Nd6+ Ke7 46. Kc2 Kd7 47. Kb2 Nb4 48. cxb4 axb4 49. Nb5 Kc6 50. Nd4+ Kc5 51. Nxe6+ Kb5 52. Nc7+ Kc5 53. e6 c3+ 54. Kc2 Kc4 55. e7 b3+ 56. Kb1 c2+ 57. Kc1 Kc3 58.
Nxd5+ Kd3 59. Nb4+ Kc3 60. Nd5+ Kd3 61. Nb4+ Kc3 62.
Nd5+ 1/2-1/2

[Event "Live Chess"]
[Site "Chess.com"]
[Date "2024.06.01"]
[Round "-"]
[White "bonantagulo"]
[Black "CCGoodKnightRookie"]
[Result "0-1"]
[WhiteElo "2048"]
[BlackElo "2269"]
[TimeControl "300"]
[EndTime "13:28:27 PDT"]
[Termination "CCGoodKnightRookie won by checkmate"]

1. d4 d5 2. c4 e6 3. Nf3 Nf6 4. Nc3 c5 5. cxd5 exd5 6. g3 Nc6 7. Bg2 cxd4 8. Nxd4 Bc5 9. Nb3 Bb6 10. Nxd5 Be6 11.
Nxb6 Qxd1+ 12. Kxd1 axb6 13. Nd2 O-O 14. b3 Ng4 15.
Rf1 Nxh2 16. Rh1 Ng4 17. Rf1 Rfd8 18. e3 Bxb3+ 19. Ke2 Bc2 20. Rh1 Bd3+ 21. Kf3 Nce5+ 22. Kf4 f6 23. Be4 g5+ 24. Kf5 Bb5 25. Bxb7 Bd7+ 26.
Ke4 Ra4+ 27. Kd5 Bc6+ 28. Ke6 Bxb7 29. Nb3 Bc8+ 30. Ke7 Rd7+ 31. Ke8 f5 32. Bb2 Nf6# 0-1

[Event "Live Chess"]
[Site "Chess.com"]
[Date "2024.06.01"]
[Round "-"]
[White "CarmelJane"]
[Black "NeilDruggan73"]
[Result "1-0"]
[WhiteElo "2086"]
[BlackElo "1753"]
[TimeControl "300"]
[EndTime "13:28:32 PDT"]
[Termination "CarmelJane won on time"]

1. e4 d6 2. d4 Nf6 3. Nc3 g6 4.
Bf4 Bg7 5. Qd2 O-O 6. O-O-O c6 7.
Bh6 b5 8. f3 Qa5 9. Kb1 Na6 10.
Bxg7 Kxg7 11. e5 Nd5 12. Nxd5 Qxd2 13. Rxd2 cxd5 14. exd6 exd6 15. Bxb5 Rb8 16. Ba4 h5 17.
Bb3 Bf5 18. Ne2 Nb4 19. Ng3 Bd7 20. a3 Nxc2 21. Bxc2 h4 22. Ne2 g5 23. Nc3 Bc6 24. Re1 Rb7 25. Bd3 Rfb8 26. h3 Rb3 27. Ka2 Kf6 28.
Rf1 a5 29. f4 R8b7 30. fxg5+ Kxg5 31. Rf5+ Kh6 32. Rf4 a4 33. Rxh4+ Kg7 34. Rg4+ Kf8 35.
Rg5 Bd7 36. Rxd5 Be6 37. Bc4 R3b6 38. Nxa4 Rc6 39. b3 Ra7 40. Rb5 Bxc4 41. bxc4 Rxa4 42.
Rb4 Rxc4 43. Rxa4 Rxa4 44. Kb3 Ra5 45. Kb4 Rg5 46. a4 Ke7 47. a5 Kd7 48. Rc2 Rg8 49.
a6 Rb8+ 50. Ka5 Ra8 51. Kb6 Rb8+ 52. Ka7 Rb3 53. d5 Kd8 54. Rc6 1-0

[Event "Live Chess"]
[Site "Chess.com"]
[Date "2024.06.01"]
[Round "-"]
[White "Pablo_dmp"]
[Black "KeithArkell"]
[Result "0-1"]
[WhiteElo "2012"]
[BlackElo "2452"]
[TimeControl "300"]
[EndTime "13:28:35 PDT"]
[Termination "KeithArkell won by checkmate"]

1. e4 c6 2. d4 d5 3. e5 c5 4. dxc5 Nc6 5. f4 e6 6. Be3 d4 7. Bf2 Bxc5 8. Nd2 Nge7 9. Ngf3 Nd5 10. Bd3 Nxf4 11. O-O Nxd3 12. cxd3 O-O 13. Rc1 Bb6 14. Ne4 Bd7 15. Nfg5 h6 16. Qh5 Nxe5 17. Bg3 Ng6 18. Nxf7 Rxf7 19. Qxg6 Rf5 20. Nd6 Rf6 21. Rxf6 Qxf6 22. Qe4 Bc6 23. Qe2 Rf8 24. Ne4 Qf5 25.
Nd6 Qd5 26. Ne4 e5 27. Qh5 Qf7 28. Qxe5 Re8 29. Qf4 Bxe4 30. dxe4 d3+ 31. Kh1 Qxf4 32. Bxf4 Rxe4 33. Bd2 Re2 34. Rd1 Kf7 35. Bc3 Re3 36.
Kg1 Re1# 0-1

[Event "Live Chess"]
[Site "Chess.com"]
[Date "2024.06.01"]
[Round "-"]
[White "Silverback7829"]
[Black "WelshTiger"]
[Result "0-1"]
[WhiteElo "980"]
[BlackElo "2536"]
[TimeControl "300"]
[EndTime "13:28:56 PDT"]
[Termination "WelshTiger won by checkmate"]

1. d4 Nf6 2. Nf3 b6 3. e3 Bb7 4. Nc3 c5 5. Bc4 e6 6. Ng5 Be7 7. f3 a6 8. Ne2 b5 9. Bd3 c4 10. Be4 d5 11. Bxd5 exd5 12. O-O O-O 13. Bd2 Nbd7 14. b3 Re8 15. bxc4 bxc4 16. a3 Bc6 17. Bb4 Nf8 18. Bxe7 Qxe7 19. Rb1 Qxe3+ 20. Kh1 Qxg5 21. Nc3 Rab8 22. Rxb8 Rxb8 23. Qe2 Ne6 24. g3 Nxd4 25. Qe7 Ne6 26. Rb1 Rxb1+ 27. Nxb1 Qc1+ 28. Kg2 Qxc2+ 29. Kh1 Qxb1+ 30. Kg2 Qc2+ 31. Kh1 Qd1+ 32. Kg2 Qe2+ 33. Kh3 Ng5+ 34. Kh4 Nxf3+ 35. Kh3 Qxh2# 0-1

[Event "Live Chess"]
[Site "Chess.com"]
[Date "2024.06.01"]
[Round "-"]
[White "GerardATHart"]
[Black "Dhaydon19"]
[Result "0-1"]
[WhiteElo "1403"]
[BlackElo "2668"]
[TimeControl "300"]
[EndTime "13:29:00 PDT"]
[Termination "Dhaydon19 won by checkmate"]

1. e4 c6 2. d4 d5 3. exd5 cxd5 4. Bd3 Nf6 5. h3 Nc6 6. Nf3 g6 7. c3 Bf5 8. O-O Bxd3 9. Qxd3 Qc7 10. g3 Bg7 11.
Bf4 Qd7 12. Ne5 Qxh3 13. Nxc6 Ng4 14. Qf3 Qh2# 0-1

[Event "Live Chess"]
[Site "Chess.com"]
[Date "2024.06.01"]
[Round "-"]
[White "Sweet-O"]
[Black "defenderalist"]
[Result "0-1"]
[WhiteElo "1546"]
[BlackElo "1538"]
[TimeControl "300"]
[EndTime "13:29:03 PDT"]
[Termination "defenderalist won by resignation"]

1. d4 Nf6 2. Nc3 e6 3. Bf4 d5 4.
e3 c5 5. f3 Nc6 6. Nb5 Qa5+ 7. c3 e5 8. dxe5 Nh5 9. Qxd5 Nxf4 10. exf4 Be6 11. Qe4 a6 12. b4 cxb4 13. cxb4 Bxb4+ 14. Kf2 axb5 15. Ne2 Bc5+ 16. Kg3 O-O 17. Nc1 Qb6 18.
Nd3 Be7 19. f5 Bc4 20. h4 Bxd3 21. Bxd3 Bc5 22. f6 g6 23. h5 Bf2+ 24. Kg4 Qd4 25.
Qxd4 Bxd4 26. Rae1 Nxe5+ 27. Kg5 Nxd3 28. Re7 Be3+ 29.
Kg4 Nf2+ 30. Kg3 Nxh1+ 31. Kh2 Bg5 32. hxg6 hxg6 33. Rxb7 Bxf6 34. Kxh1 Rxa2 35. Rxb5 Kg7 0-1

[Event "Live Chess"]
[Site "Chess.com"]
[Date "2024.06.01"]
[Round "-"]
[White "upoe610"]
[Black "cymbalshift"]
[Result "1-0"]
[WhiteElo "2236"]
[BlackElo "1649"]
[TimeControl "300"]
[EndTime "13:29:33 PDT"]
[Termination "upoe610 won by resignation"]

1. c4 b6 2. d4 e6 3. a3 Bb7 4. Nc3 f5 5. d5 e5 6. g3 c5 7. Bg2 d6 8. e4 Bc8 9. Nge2 Nf6 10. O-O Be7 11. Bg5 O-O 12. b4 Nbd7 13. bxc5 fxe4 14. c6 Nc5 15. Bxf6 Rxf6 16. Nxe4 Nxe4 17. Bxe4 Bg4 18. Qd3 Qd7 19. Bxh7+ Kh8 20. Be4 Raf8 21. cxd7 1-0

[Event "Live Chess"]
[Site "Chess.com"]
[Date "2024.06.01"]
[Round "-"]
[White "StoreySniper"]
[Black "Eva3337"]
[Result "1-0"]
[WhiteElo "2531"]
[BlackElo "1169"]
[TimeControl "300"]
[EndTime "13:29:34 PDT"]
[Termination "StoreySniper won by resignation"]

1. e4 Nc6 2. d4 d5 3. exd5 Qxd5 4. Nf3 Bg4 5. Be2 Bxf3 6. Bxf3 Qd7 7. Be3 Rd8 8. c3 Nf6 9. O-O e6 10. Nd2 Bd6 11.
Nc4 Be7 12. Qb3 Rb8 13. Rad1 O-O 14. Ne5 Nd5 15. Nxd7 1-0